 Dungeon Crawl Stone Soup version 0.20.1-1-g8b1a95d (webtiles) character file.

15379 Fengband the Thaumaturge (level 12, -6/84 HPs)
             Began as a Purple Draconian Air Elementalist on Oct 2, 2017.
             Was a High Priest of Kikubaaqudgha.
             Mangled by a hellwing (9 damage)
             ... summoned by an orc high priest
             ... on level 2 of the Orcish Mines on Oct 4, 2017.
             The game lasted 06:32:05 (9964 turns).

Fengband the Thaumaturge (DrAE)                     Turns: 9964, Time: 06:32:05

Health: -6/84      AC: 13    Str: 13    XL:     12   Next: 0%
Magic:  3/26       EV: 22    Int: 16    God:    Kikubaaqudgha [*****.]
Gold:   420        SH:  3    Dex: 16    Spells: 1/31 levels left

rFire    . . .     SeeInvis .   a - +2 short sword (drain)
rCold    + . .     Gourm    .   (no shield)
rNeg     . . .     Faith    .   (armour unavailable)
rPois    .         Spirit   .   s - +2 hat
rElec    .         Reflect  +   (no cloak)
rCorr    .         Harm     .   H - +2 pair of gloves
MR       ++...                  (no boots)
Stlth    +++++.....             Q - amulet of Ucrapt Vennu {Reflect Dex+2 SH+3}
Regen    0.3/turn               r - ring of the Six Allies {rC+ MR+ Stlth+}
MPRegen  0.2/turn               j - +4 ring of evasion

@: short of breath
A: breathe power, unfitting armour, cold-blooded, AC +8
a: Breathe Dispelling Energy, Receive Corpses, Torment, Renounce Religion


You were on level 2 of the Orcish Mines.
You worshipped Kikubaaqudgha.
Kikubaaqudgha was extremely pleased with you.
You were not hungry.

You visited 2 branches of the dungeon, and saw 11 of its levels.
You also visited: Sewer.

You collected 994 gold pieces.
You spent 574 gold pieces at shops.

Inventory:

Hand Weapons
 a - a +2 short sword of draining (weapon)
 b - a +0 hunting sling
 m - a +0 rapier
 o - a +2 short sword of venom
 v - a +4 dagger of venom
Missiles
 k - 194 stones (quivered)
 u - 53 sling bullets
Armour
 s - a +2 hat (worn)
 H - a +2 pair of gloves (worn)
Magical Staves
 A - an uncursed staff of death
Jewellery
 e - an uncursed ring of wizardry
 j - a +4 ring of evasion (right hand)
 l - an uncursed amulet of regeneration
 r - the ring of the Six Allies (left hand) {rC+ MR+ Stlth+}
   (You found it on level 5 of the Dungeon)

   [ring of stealth]

   It protects you from cold.
   It affects your resistance to hostile enchantments.
   It makes you more stealthy.
 w - an uncursed ring of protection from magic
 E - an uncursed ring of teleportation
 F - an uncursed ring of wizardry
 J - an uncursed ring of flight
 Q - the amulet of Ucrapt Vennu (around neck) {Reflect Dex+2 SH+3}
   (You bought it in a shop on level 9 of the Dungeon)

   [amulet of reflection]

   It shields you and reflects attacks.
   It affects your dexterity (+2).
   It affects your SH (+3).
Wands
 f - a wand of lightning (0/15)
 z - a wand of digging (0/24)
 L - a wand of random effects (0/48)
 M - a wand of acid (0/15)
 N - a wand of iceblast (0/15)
 P - a wand of paralysis (1/24)
Scrolls
 p - 5 scrolls of remove curse
 D - 3 scrolls of enchant armour
 G - a scroll of magic mapping
 K - a scroll of immolation
Potions
 c - 3 potions of curing
 g - a potion of mutation
 q - 4 potions of flight
 B - 2 potions of brilliance {unknown}
Books
 h - a book of Air

   Spells                             Type                      Level
   a - Shock                          Conjuration/Air              1
   b - Swiftness                      Charms/Air                   2
   c - Static Discharge               Conjuration/Air              3
   d - Airstrike                      Air                          4
   e - Lightning Bolt                 Conjuration/Air              5
 t - Kikubaaqudgha's Disquisition on Sinister Rites
   (Kikubaaqudgha gifted it to you on level 3 of the Dungeon)

   Spells                             Type                      Level
   a - Pain                           Necromancy                   1
   b - Corpse Rot                     Necromancy                   2
   c - Sublimation of Blood           Necromancy                   2
   d - Vampiric Draining              Necromancy                   3
   e - Control Undead                 Necromancy                   4
 C - Kikubaaqudgha's Disquisition on Evil Rituals
   (Kikubaaqudgha gifted it to you on level 6 of the Dungeon)

   Spells                             Type                      Level
   a - Excruciating Wounds            Charms/Necromancy            5
   b - Agony                          Necromancy                   5
   c - Cigotuvi's Embrace             Necromancy                   5
   d - Dispel Undead                  Necromancy                   5
   e - Death Channel                  Necromancy                   6
Comestibles
 d - 8 bread rations
 i - 2 chunks of flesh


   Skills:
 - Level 1.5 Fighting
 - Level 8.0 Short Blades
 - Level 2.2 Slings
 - Level 7.9 Dodging
 - Level 7.0 Stealth
 - Level 10.0 Spellcasting
 - Level 1.0 Conjurations
 - Level 2.3 Necromancy
 + Level 10.0 Air Magic
 - Level 5.0 Evocations


You had one spell level left.
You knew the following spells:

 Your Spells              Type           Power        Failure   Level  Hunger
a - Shock                 Conj/Air       ####         1%          1    None
b - Swiftness             Chrm/Air       ###.....     1%          2    None
c - Static Discharge      Conj/Air       ####....     2%          3    None
d - Pain                  Necr           ###.         3%          1    None
e - Corpse Rot            Necr           N/A          5%          2    None
f - Sublimation of Blood  Necr           ###.......   5%          2    None
g - Mephitic Cloud        Conj/Pois/Air  ###.....     6%          3    None
h - Vampiric Draining     Necr           ###.......   11%         3    None
i - Airstrike             Air            #####.....   1%          4    ###....
j - Lightning Bolt        Conj/Air       ####......   26%         5    #####..
k - Control Undead        Necr           ###.......   34%         4    ###....


Dungeon Overview and Level Annotations

Branches:
Dungeon (9/15)             Temple (0/1) D:5             Orc (2/2) D:9
    Elf (0/3) Orc:2
   Lair: D:8-11

Altars:
Dithmenos
Gozag
Hepliaklqana
Kikubaaqudgha
Ru
Uskayaw

Shops:
D:4 *   D:5 ?   D:9 (}==*   Orc:2 (%:

Annotations:
D:7 Ymberti's ghost, novice HOFi


Innate Abilities, Weirdness & Mutations

You can breathe bolts of dispelling energy.
Your rich purple scales are hard. (AC +8)
You cannot fit into any form of body armour.
You are cold-blooded and may be slowed by cold attacks.


Message History

The hellwing swoops through the air toward you!
The hellwing closely misses you. x2; The orc knight hits you with a war axe!
* * * LOW HITPOINT WARNING * * *
The orc high priest calls upon Beogh to heal the orc knight.
The orc knight is healed somewhat.
The hellwing hits you!
* * * LOW HITPOINT WARNING * * *
The hellwing hits you.
* * * LOW HITPOINT WARNING * * *
The orc high priest no longer looks unusually strong.
The orc knight roars a battlecry!
The orc high priest goes into a battle-frenzy!
Casting: Vampiric Draining
Confirm with . or Enter, or press ? or * to list all spells.
Okay, then.
Unknown command.
The hellwing swoops through the air toward you!
The hellwing hits you!
You die...
Kikubaaqudgha rasps: "You have failed me!
Welcome... death!"

[#......................#.).#....
.#.........o#............#...#..#
###.............##...............
#<##..................[.[........
......#................#.........
..............................#..
)............................##†)
)...............4..........###.).
................@..........##...#
..........#...o.........#...#..##
[)........[.4..........###.#...#
..........[...........####)##.##
##.#...)..............#.#[).###
....................[..).#)##
......#...o......#....#.####
......................#.##
.........................#


You could see an orc knight, an orc high priest, a hellwing, a red devil and an
orc priest (wandering).

Vanquished Creatures
  2 orc warlords (Orc:2)
  2 two-headed ogres
  Erica (D:8)
  Pikel (D:7)
  2 orc knights (Orc:2)
  3 orc sorcerers (Orc:2)
  The ghost of Frank the Slasher, a novice OpFi (D:6)
  4 trolls
  A hippogriff (D:9)
  Prince Ribbit (D:7)
  A hungry ghost (D:7)
  Edmund (D:6)
  4 wargs (Orc:2)
  Duvessa (D:7)
  A sky beast (D:9)
  18 orc warriors
  2 ice beasts
  A slave (D:7)
  A black bear (D:7)
  10 ogres
  A necrophage (D:8)
  3 centaurs
  6 big kobolds
  2 bullfrogs
  4 gnoll sergeants (D:9)
  Dowan (D:7)
  4 scorpions
  5 wights (D:7)
  2 howler monkeys
  4 crimson imps
  A quasit (D:9)
  A jelly (D:5)
  A bullfrog zombie (D:9)
  A centaur skeleton (D:6)
  3 bullfrog skeletons
  3 hounds
  22 orc priests
  3 iguanas
  11 orc wizards
  3 worker ants
  A killer bee zombie (D:6)
  A hound zombie (D:9)
  2 hound skeletons (D:8)
  A worker ant zombie (D:9)
  7 gnolls (D:3)
  14 adders
  A river rat (Sewer)
  2 shadow imps
  An ooze (D:2)
  3 adder skeletons
  A worm (D:2)
  A dart slug (D:1)
  7 leopard geckos
  60 orcs
  5 bats
  5 giant cockroaches
  9 goblins
  5 hobgoblins
  7 jackals
  15 kobolds
  5 quokkas
  8 frilled lizards
  9 rats
309 creatures vanquished.

Vanquished Creatures (others)
  2 slaves (D:7)
  A centaur (D:7)
  An orc wizard (D:7)
  A worker ant zombie (D:7)
  A leopard gecko (D:7)
  An orc (D:7)
7 creatures vanquished.

Grand Total: 316 creatures vanquished

Notes
Turn   | Place    | Note
-------+----------+-------------------------------------------
     0 | D:1      | Fengband the Draconian Air Elementalist began the quest for the Orb.
     0 | D:1      | Reached XP level 1. HP: 14/14 MP: 3/3
     0 | D:1      | Short blades
     0 | D:1      | No Shields
     0 | D:1      | Slings
     0 | D:1      | Air Magic Only
   311 | D:1      | Reached XP level 2. HP: 16/20 MP: 5/5
   315 | D:1      | Learned a level 2 spell: Swiftness
   606 | D:2      | Found an ancient bone altar of Kikubaaqudgha.
   639 | D:2      | Reached XP level 3. HP: 12/26 MP: 1/6
   708 | D:2      | Learned a level 3 spell: Static Discharge
   736 | D:2      | Found a hide-covered altar of Uskayaw.
   742 | D:2      | Became a worshipper of Kikubaaqudgha
  1150 | D:3      | Reached XP level 4. HP: 33/33 MP: 3/8
  1439 | D:3      | Reached XP level 5. HP: 38/38 MP: 2/9
  1465 | D:3      | Reached * piety under Kikubaaqudgha
  1465 | D:3      | Identified Kikubaaqudgha's Disquisition on Sinister Rites (Kikubaaqudgha gifted it to you on level 3 of the Dungeon)
  1465 | D:3      | Received a gift from Kikubaaqudgha
  1476 | D:3      | Learned a level 1 spell: Pain
  1479 | D:3      | Learned a level 2 spell: Corpse Rot
  1511 | D:3      | Found a sacrificial altar of Ru.
  2065 | D:4      | Reached skill level 1 in Evocations
  2161 | D:4      | Found Reifoyh's General Store.
  2239 | D:4      | Reached ** piety under Kikubaaqudgha
  2239 | D:4      | Reached XP level 6. HP: 44/45 MP: 2/10
  2244 | D:4      | Learned a level 2 spell: Sublimation of Blood
  2763 | D:4      | Bought a +2 pair of gloves for 181 gold pieces
  2763 | D:4      | Bought a potion of curing for 33 gold pieces
  2866 | D:5      | Entered Level 5 of the Dungeon
  2888 | D:5      | Got an ancient lead ring
  2891 | D:5      | Identified the ring of the Six Allies {rC+ MR+ Stlth+} (You found it on level 5 of the Dungeon)
  2937 | D:5      | Found a hazy altar of Hepliaklqana.
  2972 | D:5      | Found a glowing drain.
  3001 | D:5      | Your scales start taking on a rich purple colour.
  3001 | D:5      | Reached XP level 7. HP: 44/50 MP: 3/12
  3001 | D:5      | Reached skill level 5 in Dodging
  3038 | D:5      | Found Soshois's Magic Scroll Shop.
  3119 | Sewer    | Entered a sewer
  3195 | Sewer    | Found a white marble altar of Elyvilon.
  3507 | D:5      | Found a staircase to the Ecumenical Temple.
  3531 | D:5      | Learned a level 3 spell: Mephitic Cloud
  3566 | D:5      | Reached XP level 8. HP: 46/57 MP: 1/14
  3618 | D:5      | Reached skill level 5 in Air Magic
  3652 | D:5      | Found a shadowy altar of Dithmenos.
  3895 | D:5      | Bought a scroll of teleportation for 39 gold pieces
  3895 | D:5      | Bought a scroll of identify for 26 gold pieces
  3917 | D:6      | Found an opulent altar of Gozag.
  3932 | D:6      | Reached *** piety under Kikubaaqudgha
  3932 | D:6      | Identified Kikubaaqudgha's Disquisition on Evil Rituals (Kikubaaqudgha gifted it to you on level 6 of the Dungeon)
  3932 | D:6      | Received a gift from Kikubaaqudgha
  4013 | D:6      | Reached skill level 5 in Spellcasting
  4019 | D:6      | Learned a level 3 spell: Vampiric Draining
  4296 | D:6      | Noticed Frank's ghost (novice OpFi)
  4354 | D:6      | Killed Frank's ghost
  4712 | D:6      | Noticed Edmund
  4738 | D:6      | Killed Edmund
  4738 | D:6      | Reached XP level 9. HP: 44/62 MP: 0/17
  4789 | D:7      | Noticed Pikel
  4797 | D:7      | Noticed Prince Ribbit
  4824 | D:7      | Killed Pikel
  4875 | D:7      | Noticed Ymberti's ghost (novice HOFi)
  4877 | D:7      | Killed Prince Ribbit
  5056 | D:7      | Noticed Duvessa
  5065 | D:7      | Noticed Dowan
  5114 | D:7      | Killed Duvessa
  5116 | D:7      | Killed Dowan
  5191 | D:7      | Reached **** piety under Kikubaaqudgha
  5485 | D:7      | HP: 2/62 [Ymberti's ghost (6)]
  6159 | D:8      | Reached XP level 10. HP: 69/69 MP: 18/18
  6259 | D:8      | Noticed a two-headed ogre
  6275 | D:8      | Killed a two-headed ogre
  6306 | D:8      | Noticed Erica
  6369 | D:8      | Killed Erica
  6369 | D:8      | Reached skill level 5 in Short Blades
  6663 | D:9      | Found Ucuaneast's Gadget Shop.
  6718 | D:9      | Found Jioji's Weapon Boutique.
  6819 | D:9      | Reached skill level 1 in Slings
  6895 | D:9      | Found Cumufai's General Store.
  7105 | D:9      | Found Nommoi's Jewellery Boutique.
  7126 | D:9      | Reached skill level 10 in Air Magic
  7185 | D:9      | Found a staircase to the Orcish Mines.
  7266 | D:9      | Reached skill level 1 in Fighting
  7271 | D:9      | Reached ***** piety under Kikubaaqudgha
  7288 | D:9      | Reached skill level 5 in Evocations
  7376 | D:9      | Found Qixeikana's Jewellery Shoppe.
  7636 | D:9      | Bought the amulet of Ucrapt Vennu {Reflect Dex+2 SH+3} for 295 gold pieces
  7653 | Orc:1    | Entered Level 1 of the Orcish Mines
  7825 | Orc:2    | Entered Level 2 of the Orcish Mines
  7825 | Orc:2    | Found a staircase to the Elven Halls.
  7847 | Orc:2    | Found Jafyfup's Food Emporium.
  7853 | Orc:2    | Noticed an orc knight
  7858 | Orc:2    | Noticed an orc sorcerer
  7881 | Orc:2    | Noticed a two-headed ogre
  7887 | Orc:2    | Noticed an orc warlord
  7946 | Orc:2    | HP: 3/72 [warg[an orc warlord] (8)]
  7955 | Orc:2    | Reached XP level 11. HP: 19/78 MP: 13/20
  7961 | Orc:2    | Learned a level 4 spell: Airstrike
  8082 | Orc:2    | Killed an orc knight
  8311 | Orc:2    | Noticed an orc warlord
  8356 | Orc:2    | Found Ticricwu's Book Shoppe.
  8367 | Orc:2    | Killed an orc warlord
  8687 | Orc:2    | Noticed a soul eater
  8695 | Orc:2    | Killed an orc warlord
  8710 | Orc:2    | Killed an orc sorcerer
  8838 | Orc:2    | Killed a two-headed ogre
  8845 | Orc:2    | Learned a level 5 spell: Lightning Bolt
  8960 | Orc:2    | Found Vomy's Weapon Emporium.
  9149 | Orc:2    | Noticed an orc sorcerer
  9156 | Orc:2    | Noticed an orc knight
  9180 | Orc:2    | Noticed an orc sorcerer
  9190 | Orc:2    | Noticed an orc sorcerer
  9196 | Orc:2    | Noticed an orc sorcerer
  9198 | Orc:2    | Noticed a sun demon
  9219 | Orc:2    | Reached skill level 10 in Spellcasting
  9224 | Orc:2    | HP: 3/78 [ogre/giant club (24)]
  9370 | Orc:2    | Noticed an orc knight
  9389 | Orc:2    | Killed an orc knight
  9691 | Orc:2    | Killed an orc sorcerer
  9739 | Orc:2    | Noticed an orc knight
  9762 | Orc:2    | Killed an orc sorcerer
  9767 | Orc:2    | Noticed an orc high priest
  9793 | Orc:2    | Reached XP level 12. HP: 25/84 MP: 0/26
  9799 | Orc:2    | Learned a level 4 spell: Control Undead
  9955 | Orc:2    | HP: 1/84 [hellwing[an orc high priest] (4)]
  9964 | Orc:2    | Mangled by a hellwing

Skill      XL: |  1  2  3  4  5  6  7  8  9 10 11 |
---------------+----------------------------------+-----
Stealth        | 2 3 4 7 |  7.0
Dodging        | 2 3 4 6 7 |  7.9
Spellcasting   | 3 4 5 6 10 | 10.0
Air Magic      | 4 5 8 10 | 10.0
Evocations     | 1 2 3 4 5 |  5.0
Short Blades   | 4 7 8 |  8.0
Slings         | 2 |  2.2
Fighting       | 1 |  1.5
Necromancy     | 2 |  2.3
Conjurations   | |  1.0

Action                   |  1- 3 |  4- 6 |  7- 9 | 10-12 || total
-------------------------+-------+-------+-------+-------++-------
Melee: Mace              |    12 |       |       |       ||    12
       Short sword       |    70 |    82 |   239 |   506 ||   897
       Tailslap          |    11 |    18 |    29 |    66 ||   124
       Dagger            |       |    62 |    55 |       ||   117
 Fire: Hunting sling     |     3 |    11 |    52 |    17 ||    83
Throw: Stone             |       |       |     1 |       ||     1
 Cast: Shock             |    53 |    82 |   125 |    47 ||   307
       Swiftness         |     6 |     1 |     5 |     1 ||    13
       Static Discharge  |     1 |    14 |    30 |    48 ||    93
       Pain              |       |     2 |       |       ||     2
       Sublimation of Bl |       |     1 |       |     1 ||     2
       Corpse Rot        |       |       |     1 |     2 ||     3
       Mephitic Cloud    |       |       |       |     7 ||     7
       Airstrike         |       |       |       |    46 ||    46
       Vampiric Draining |       |       |       |     8 ||     8
Invok: Receive Corpses   |       |       |       |     1 ||     1
 Abil: Breathe Dispellin |       |       |    42 |    49 ||    91
Evoke: Wand              |       |     1 |    29 |    14 ||    44
  Use: Scroll            |     5 |     8 |    14 |     8 ||    35
       Potion            |       |       |     8 |    10 ||    18
 Stab: Sleeping          |     1 |     4 |     5 |     2 ||    12
       Paralysed         |       |       |       |    10 ||    10
  Eat: Fruit             |     4 |       |       |     4 ||     8
       Chunk             |     1 |     2 |     4 |    18 ||    25
       Meat ration       |       |     2 |     3 |     1 ||     6
       Royal jelly       |       |       |     3 |     1 ||     4
Armor: Skin              |    20 |    39 |   126 |   126 ||   311
Dodge: Dodged            |    58 |   147 |   318 |   466 ||   989
Block: Other             |       |       |       |    29 ||    29
       Reflection        |       |       |       |     1 ||     1
